 Dungeon Crawl Stone Soup version 0.29.1-13-g9f3cf754e1 (webtiles) character file.

Game seed: 4759543941432173687

56 LustLizard the Slasher (level 3, -3/28 HPs)
             Began as a Merfolk Gladiator on Jan 26, 2023.
             Slain by Crazy Yiuf
             ... wielding a +4 quarterstaff of chaos
              (8 damage)
             ... on level 2 of the Dungeon.
             The game lasted 00:02:59 (2245 turns).

LustLizard the Slasher (Merfolk Gladiator)          Turns: 2245, Time: 00:02:59

Health: -3/28      AC:  8    Str: 14    XL:     3   Next: 95%
Magic:  3/3        EV: 12    Int:  7    God:
Gold:   108        SH:  0    Dex: 17    Spells: 2/2 levels left

rFire   . . .      SeeInvis .   a - +1 long sword
rCold   + . .      Faith    .   (no shield)
rNeg    . . .      Spirit   .   u - +2 ring mail {rC+}
rPois   .          Reflect  .   l - +0 helmet
rElec   .          Harm     .   (no cloak)
rCorr   .          Rampage  .   (no gloves)
Will    .....                   (no boots)
Stlth   +.........              (no amulet)
HPRegen 0.09/turn               (no ring)
MPRegen 0.08/turn               (no ring)

@: lethally poisoned (-3 -> -14)
A: (nimble swimmer 2), mertail
a: no special abilities


You were on level 2 of the Dungeon.
You visited 1 branch of the dungeon, and saw 2 of its levels.

You collected 108 gold pieces.

Inventory:

Hand Weapons
 a - a +1 long sword (weapon)
Missiles
 d - 3 throwing nets
 e - a javelin
 f - 49 stones (quivered)
Armour
 b - a +0 leather armour
 c - a +0 helmet
 l - a +0 helmet (worn)
 u - a +2 ring mail of cold resistance (worn)
Wands
 n - a wand of mindburst (8)
Scrolls
 g - 2 scrolls of enchant weapon
 h - a scroll of teleportation {unknown}
 j - a scroll of poison {unknown}
 k - 2 scrolls of identify {unknown}
 p - a scroll of fear {unknown}
 q - a scroll of brand weapon {unknown}
 s - a scroll of summoning {unknown}
 t - a scroll of enchant armour {unknown}
Potions
 i - a potion of flight {unknown}
 m - a potion of degeneration {unknown}
 o - a potion of heal wounds {unknown}
 r - 2 potions of curing {unknown}


   Skills:
 + Level 2.8 Fighting
 * Level 4.6 Long Blades
 + Level 2.5 Throwing
 - Level 4.0 Dodging
 + Level 1.2 Stealth


You had 2 spell levels left.
You didn't know any spells.
Your spell library contained the following spells:

 Spells                   Type           Power      Damage    Failure   Level
 Sandblast                Erth           0%         2d4       67%         1
 Passwall                 Tmut/Erth      0%         N/A       82%         2
 Conjure Flame            Conj/Fire      0%         6-21      96%         3
 Ignite Poison            Fire/Tmut/Pois 0%         N/A       96%         3
 Stone Arrow              Conj/Erth      0%         3d7       96%         3
 Sticky Flame             Conj/Fire      0%         2d3       100%        4


Dungeon Overview and Level Annotations

Branches:
Dungeon (2/15)

Altars:

Annotations:
D:2 Crazy Yiuf


Innate Abilities, Weirdness & Mutations

((You are very nimble when in or above water. (Stealth+, EV+, Speed+++)))
Your lower body shifts to a powerful aquatic tail in water.


Message History

The orc is severely wounded.
The orc hits you with a +0 dagger.
You barely miss the orc.
The orc is severely wounded.
The orc misses you.
You hit the orc.
You kill the orc!
No target in view!
Items here: )) [ ††.
Key pressed, stopping explore.
Unknown command.
Items here: )) [ ††.
u - a +2 ring mail of cold resistance You start removing your armour.
You continue taking off your +0 leather armour. x4
You finish taking off your +0 leather armour.
You start putting on your armour.
You continue putting on your +2 ring mail of cold resistance. x5
You finish putting on your +2 ring mail of cold resistance.
You feel resistant to cold.
Found a hammer.
Found a runed translucent door.
As you open the door, it creaks loudly!
Crazy Yiuf shouts!
Crazy Yiuf whimpers, "Cake!
Prologue ena ragdoll."
There is an open translucent door here.
You closely miss Crazy Yiuf. Crazy Yiuf closely misses you.
You hit Crazy Yiuf.
Crazy Yiuf is lightly wounded.
Crazy Yiuf hits you with a +4 quarterstaff of chaos!
Crazy Yiuf freezes you.
You barely miss Crazy Yiuf.
Crazy Yiuf is lightly wounded.
Crazy Yiuf barely misses you.
Crazy Yiuf hits you with a +4 quarterstaff of chaos!
You are lethally poisoned!
You hit Crazy Yiuf.
Crazy Yiuf is moderately wounded.
* * * LOW HITPOINT WARNING * * *
You feel very sick.
Crazy Yiuf hits you with a +4 quarterstaff of chaos!
You die...

.....#.#####
#....#
#....#.####.
.#.#.......#
♣....♣
###.........
...###.#####
♣...♣♣
#.##.###..
.#.# #.#
♣♣.♣♣ #.##.#
##. ##.###.#
♣.♣♣ #....#
## ##.....#
♣♣.♣ ######
# ########
♣.♣♣ # ##
♣♣.♣ ## .##
### #@# ##.
..## ##.#
#.g.# ###
##.. ...##
##..# #...#
##.## ##...
....####...#
#..)#
#...####....
....'......#
#####
#......'....
....####...#
#...####....
...##
##..###
######...#
##... ..##
##...#
#.#......#
##.. .##
###.#
#.#......#
##.


You could see Crazy Yiuf.

Vanquished Creatures
  A dart slug (D:2)
  An orc (D:2)
  5 ball pythons
  A bat (D:1)
  4 endoplasms
  A giant cockroach (D:2)
  4 goblins
  5 hobgoblins
  3 jackals (D:1)
  9 kobolds
  4 quokkas
  4 frilled lizards
  7 rats
49 creatures vanquished.

Notes
Turn   | Place    | Note
-------+----------+-------------------------------------------
     0 | D:1      | LustLizard the Merfolk Gladiator began the quest for the
                  | Orb.
     0 | D:1      | Reached XP level 1. HP: 16/16 MP: 1/1
   156 | D:1      | Reached XP level 2. HP: 18/23 MP: 2/2
   646 | D:1      | Reached XP level 3. HP: 28/28 MP: 3/3
  1602 | D:2      | Reached skill level 1 in Stealth
  2236 | D:2      | Found a runed translucent door.
  2237 | D:2      | Noticed Crazy Yiuf
  2245 | D:2      | Slain by Crazy Yiuf

Illustrated notes

Levels and vault maps discovered:
D:1:      lemuel_arrival_lava_pool, layout_basic
D:2:      layout_loops_corners, minmay_increasing_density,
          uniq_crazy_yiuf_cottage

Skill      XL: |  1  2  3 |
---------------+----------+-----
Long Blades    | 4 |  4.6
Stealth        | 1 |  1.2
Fighting       | |  2.8
Throwing       | |  2.5
Dodging        | |  4.0

Action                   || total
-------------------------++-------
Melee: Long sword        ||   126
  Use: Scroll            ||     1
 Stab: Sleeping          ||     4
       Distracted        ||     1
Armor: Leather armour    ||    26
Dodge: Dodged            ||    89
